Map: Vigília Leste LE

Players

IagoAbreu - Winner!

  • Race: Protoss Protoss
  • League: Silver
  • Spawn Location: 7:00

DanielGomero

  • Race: Terran Terran
  • League: Silver
  • Spawn Location: 1:00

VOD

Have the link to the VOD?

Description

Time

  • Played on: Feb. 24, 2018, 10:13 p.m.
  • Length: 14:15
Show
View Real Time Build Order
Export as new Build Order

IagoAbreu Protoss - Winner!

Build Orders: Forge Fast Expand (FFE) 

Get SALT Encoding   

  12  0:02  Probe (Chrono Boost)  
  13  0:11  Probe (Chrono Boost)  
  14  0:29  Pylon  
  14  0:33  Pylon  
  14  0:38  Pylon  
  14  0:43  Probe  
  15  0:57  Probe (Chrono Boost)  
  15  0:58  Forge  
  16  1:09  Probe (Chrono Boost)  
  17  1:14  Probe (Chrono Boost)  
  18  1:24  Probe  
  19  1:36  Nexus  
  19  1:51  Photon Cannon  
  19  1:57  Assimilator  
  19  2:13  Photon Cannon  
  19  2:16  Photon Cannon  
  19  2:22  Photon Cannon  
  19  2:30  Probe (Chrono Boost)  
  19  2:34  Assimilator  
  20  2:39  Probe (Chrono Boost)  
  21  2:47  Probe (Chrono Boost)  
  21  2:49  Probe (Chrono Boost)  
  25  2:59  Probe (Chrono Boost)  
  25  3:00  Probe (Chrono Boost)  
  25  3:03  Probe (Chrono Boost)  
  25  3:04  Pylon  
  26  3:21  Probe  
  27  3:33  Probe  
  28  3:37  Pylon  
  28  3:43  Pylon  
  28  3:45  Probe  
  28  3:46  Photon Cannon  
  29  3:49  Photon Cannon  
  29  3:57  Probe  
  30  4:04  Pylon  
  30  4:07  Photon Cannon  
  30  4:08  Photon Cannon  
  30  4:35  Photon Cannon  
  30  4:44  Photon Cannon  
  30  4:45  Photon Cannon  
  30  4:56  Pylon  
  30  4:57  Pylon  
  30  5:25  Photon Cannon  
  30  5:26  Photon Cannon  
  30  5:29  Photon Cannon  
  30  5:39  Pylon  
  29  6:08  Pylon  
  29  6:10  Pylon  
  29  6:13  Pylon  
  29  6:17  Gateway  
  29  6:18  Probe (Chrono Boost)  
  30  6:28  Probe (Chrono Boost)  
  31  6:33  Gateway x2  
  31  6:35  Probe (Chrono Boost)  
  31  6:36  Gateway  
  31  6:38  Gateway  
  32  6:42  Probe (Chrono Boost)  
  33  6:52  Probe (Chrono Boost)  
  34  6:57  Probe (Chrono Boost)  
  35  7:22  Probe (Chrono Boost)  
  36  7:31  Probe (Chrono Boost)  
  36  7:34  Pylon  
  36  7:36  Protoss Ground Weapons Level 1 (Chrono Boost), Probe (Chrono Boost)  
  38  7:44  Zealot  
  38  7:47  Zealot x3  
  38  7:48  Probe  
  47  7:57  Cybernetics Core  
  47  8:00  Probe  
  48  8:11  Zealot  
  50  8:14  Zealot x3  
  56  8:38  Zealot  
  56  8:40  Nexus  
  58  8:41  Zealot  
  58  8:42  Warp Gate (Chrono Boost)  
  60  8:52  Gateway  
  60  8:53  Gateway  
  60  8:55  Gateway  
  60  9:27  Protoss Shields Level 1 (Chrono Boost)  
  51  9:58  Nexus  
  51  10:06  Stalker x5  
  51  10:07  Stalker x2  
  65  10:25  Nexus  
  65  10:32  Photon Cannon  
  65  10:36  Stalker x5  
  65  10:37  Stalker x2  
  79  11:19  Twilight Council  
  79  11:22  Probe (Chrono Boost)  
  80  11:32  Probe (Chrono Boost)  
  81  11:37  Probe (Chrono Boost)  
  82  11:48  Probe  
  65  12:09  Stalker x4  
  65  12:10  Stalker x3  
  65  12:12  Charge  
  69  12:21  Pylon  
  61  12:24  Pylon  
  51  12:37  Zealot x4  
  51  12:38  Zealot x3  
  65  12:47  Photon Cannon  
  65  12:48  Photon Cannon  
  65  12:51  Photon Cannon  
  49  13:17  Stalker x4  
  49  13:18  Stalker x3  
  63  13:22  Pylon  
  63  13:27  Photon Cannon  
  51  13:44  Zealot  
  51  13:47  Zealot  
  51  13:48  Zealot x5  
  59  13:59  Pylon  
  59  14:02  Pylon  
Show
View Real Time Build Order
Export as new Build Order

DanielGomero Terran 

Build Orders:  

Get SALT Encoding   

  12  0:01  SCV  
  13  0:13  SCV  
  14  0:26  Supply Depot  
  14  0:29  SCV  
  15  0:48  SCV  
  16  0:52  Barracks  
  16  0:57  Refinery  
  16  1:00  SCV  
  17  1:12  SCV  
  18  1:20  Supply Depot  
  18  1:27  SCV  
  18  1:28  Refinery  
  19  1:33  Barracks  
  19  1:41  Orbital Command  
  19  1:47  Barracks Reactor  
  19  1:55  Supply Depot  
  19  2:09  SCV  
  20  2:21  SCV  
  21  2:32  Barracks Reactor  
  21  2:33  SCV  
  21  2:34  Marine  
  21  2:35  Marine  
  24  2:45  SCV  
  25  2:56  Supply Depot  
  25  2:59  Reaper  
  25  3:00  Reaper  
  27  3:10  Reaper x2  
  30  3:12  SCV  
  30  3:36  Reaper x2  
  32  3:42  Reaper  
  32  3:43  Reaper  
  34  3:49  Command Center  
  34  4:06  Factory  
  34  4:18  Command Center  
  28  4:43  Marine  
  28  4:44  Marine x3  
  30  4:54  Widow Mine  
  32  5:01  Marine x3, Orbital Command  
  32  5:04  Refinery  
  35  5:16  Widow Mine  
  35  6:10  Factory Tech Lab  
  35  6:11  Orbital Command  
  35  6:15  SCV  
  36  6:27  SCV  
  37  6:33  Orbital Command  
  37  6:34  Siege Tank  
  37  6:39  SCV  
  41  6:49  Engineering Bay  
  41  6:50  Marine x2  
  41  6:51  Marine x2, SCV  
  46  6:57  Barracks  
  46  7:03  SCV  
  46  7:06  Siege Tank  
  46  7:07  Starport  
  50  7:08  Marine  
  50  7:14  SCV  
  52  7:22  SCV  
  53  7:26  SCV, Terran Infantry Weapons Level 1  
  54  7:34  SCV  
  55  7:38  SCV  
  56  7:46  SCV, Missile Turret  
  56  7:50  SCV, Medivac  
  60  7:59  SCV  
  60  8:05  Marine x4  
  65  8:22  Marine  
  66  8:46  Marine x2  
  66  8:47  Marine  
  69  8:56  SCV  
  69  8:59  SCV  
  71  9:04  Refinery  
  71  9:05  Refinery  
  71  9:08  SCV  
  72  9:11  SCV  
  63  10:50  Raven  
  63  10:53  Factory Reactor  
  63  10:55  Barracks Tech Lab  
  65  10:57  Marine  
  65  10:58  Marine x3  
  69  11:10  SCV  
  70  11:15  Marine x2  
  70  11:16  Marine x2, Refinery  
  74  11:21  Stimpack  
  74  11:22  SCV, Marauder  
  77  11:31  Missile Turret  
  77  11:39  Missile Turret  
  77  11:43  Sensor Tower  
  77  11:48  Supply Depot  
  77  11:51  SCV  
  77  11:52  Sensor Tower, Marauder  
  66  12:03  SCV  
  59  12:12  Supply Depot  
  59  12:13  Marauder  
  47  12:34  Marauder  
  46  12:47  Marine x2  
  46  12:49  Marine x2  
  49  13:00  Raven  
  49  13:04  Marine  
  49  13:05  Marine  
  53  13:07  Marine  
  48  13:22  Marine x2  
  50  13:27  Marauder  
  52  13:40  Marine  
  46  13:49  Marauder  
Tags
 
Add a new tag
Caveats
  • Supply blocks, unpowered buildings, or Contaminate may cause inaccurate times.
  • Supply counts are checked every 10 seconds.